 Dungeon Crawl Stone Soup version 0.21-a0-227-g58a7c62 (webtiles) character file.

212 Pippin the Sneak (level 6, -5/43 HPs)
             Began as a Human Wanderer on Aug 31, 2017.
             Killed by divine providence
             ... invoked by an orc priest
              (14 damage)
             ... on level 3 of the Dungeon.
             The game lasted 00:06:12 (4236 turns).

Pippin the Sneak (Human Wanderer)                   Turns: 4236, Time: 00:06:13

Health: -5/43      AC:  3    Str: 16    XL:     6   Next: 13%
Magic:  6/6        EV: 13    Int:  9    God:
Gold:   95         SH:  0    Dex: 14    Spells: 5/5 levels left

rFire    . . .     SeeInvis .   a - +2 dagger
rCold    . . .     Gourm    .   (no shield)
rNeg     . . .     Faith    .   e - +0 robe
rPois    .         Spirit   .   u - +0 helmet
rElec    .         Reflect  .   (no cloak)
rCorr    .         Harm     .   (no gloves)
MR       .....                  (no boots)
Stlth    ++++......             (no amulet)
HPRegen  0.14/turn              k - ring of stealth
MPRegen  0.10/turn              (no ring)

@: no status effects
A: no striking features
a: no special abilities


You were on level 3 of the Dungeon.
You were hungry.

You visited 1 branch of the dungeon, and saw 3 of its levels.

You collected 95 gold pieces.

Inventory:

Hand Weapons
 a - a +2 dagger (weapon)
 c - a +0 spear
Missiles
 g - 5 javelins (quivered)
Armour
 e - a +0 robe (worn)
 u - a +0 helmet (worn)
Jewellery
 k - a ring of stealth (left hand)
 t - an uncursed ring of wizardry {unknown}
Wands
 q - a wand of paralysis (15/24)
Scrolls
 d - 2 scrolls of teleportation
 l - a scroll of enchant weapon {unknown}
 m - a scroll of random uselessness {unknown}
 v - a scroll of enchant armour {unknown}
Potions
 b - a potion of haste
 h - a potion of ambrosia {unknown}
 j - a potion of curing {unknown}
 p - a potion of berserk rage {unknown}
 r - 2 potions of brilliance {unknown}
Comestibles
 f - 2 bread rations
 i - 6 fruits
 o - a meat ration


   Skills:
 - Level 1.0 Fighting
 * Level 4.3 Short Blades
 - Level 2.0 Polearms
 - Level 3.0 Dodging
 + Level 4.6 Stealth
   Level 1.0 Shields


You had 5 spell levels left.
You didn't know any spells.

Dungeon Overview and Level Annotations

Branches:
Dungeon (3/15)

Altars:

Annotations:
D:3 Grinder, Natasha


Message History

The orc priest invokes the aid of Beogh against you.
Beogh smites you!
* * * LOW HITPOINT WARNING * * *
Natasha completely misses you.
You feel much better. The white imp closely misses you.
The orc priest calls down the wrath of Beogh upon you.
Pain shoots through your body! Natasha misses you.
You hit Natasha.
Natasha is severely wounded.
The white imp hits you but does no damage.
The orc priest barely misses you. Natasha claws you!
* * * LOW HITPOINT WARNING * * *
You barely miss Natasha.
Natasha is severely wounded.
The white imp closely misses you.
You hit Natasha.
Natasha is almost dead.
The orc priest mumbles some strange prayers to Beogh against you.
Beogh smites you!
You die...

.#.#.#.####### .≈
.........[...# .≈≈
.............#.≈≈≈
.............#.≈.≈≈≈≈≈≈≈
.............'.≈ ≈≈≈≈≈≈≈
.....?.......# ≈≈≈≈≈≈
.$..?.h......# ...≈.
......o@.[.).# .≈..
......5......# .K.
.............# ######..
.............# #.......
.............# ##.P####.
.............# #...# #.
.=...........###...# +.
.........(...[.....# #.
............##.#..# +.


You could see an orc priest, Natasha and a white imp.

Vanquished Creatures
  A hound (D:3)
  An orc wizard (D:3)
  Natasha (D:3)
  A worker ant zombie (D:3)
  2 adders
  A worm (D:2)
  A dart slug (D:1)
  3 leopard geckos
  3 orcs (D:3)
  8 bats
  A giant cockroach (D:1)
  5 goblins
  4 hobgoblins (D:1)
  4 jackals (D:2)
  6 kobolds
  A quokka (D:1)
  A ball python (D:1)
  6 frilled lizards
  10 rats
60 creatures vanquished.

Vanquished Creatures (others)
  2 orc wizards (D:3)
  A kobold (D:3)
3 creatures vanquished.

Grand Total: 63 creatures vanquished

Notes
Turn   | Place    | Note
-------+----------+-------------------------------------------
     0 | D:1      | Pippin the Human Wanderer began the quest for the Orb.
     0 | D:1      | Pippin set off with: a +2 dagger, a potion of haste, a +0 spear, a scroll of teleportation, a +0 robe, a bread ration
     0 | D:1      | Reached XP level 1. HP: 15/15 MP: 1/1
   103 | D:1      | Reached skill level 1 in Short Blades
   182 | D:1      | Reached XP level 2. HP: 18/21 MP: 2/2
   482 | D:1      | Reached XP level 3. HP: 26/26 MP: 3/3
  2090 | D:2      | Reached XP level 4. HP: 27/32 MP: 4/4
  3040 | D:3      | Noticed Natasha
  3040 | D:3      | Noticed Grinder
  3347 | D:3      | Reached XP level 5. HP: 26/37 MP: 5/5
  3695 | D:3      | Killed Natasha
  3904 | D:3      | Noticed a steam dragon
  3912 | D:3      | Reached XP level 6. HP: 12/43 MP: 6/6
  4221 | D:3      | Noticed Natasha
  4232 | D:3      | HP: 2/43 [orc priest/divine providence (15)]
  4236 | D:3      | Killed from afar by an orc priest

Vault maps used:
D:1:      giann_wishing_wells
D:2:      lemuel_upstairs_altar
D:3:      corexii_shack_village, first_bread, chequers_ecumenical_altar_island,
          uniq_natasha, uniq_grinder

Skill      XL: |  1  2  3  4  5 |
---------------+----------------+-----
Short Blades   | 1 2 3 4 |  4.3
Stealth        | 4 |  4.6
Fighting       | |  1.0
Polearms       | |  2.0
Dodging        | |  3.0
Shields        | |  1.0

Action                   |  1- 3 |  4- 6 || total
-------------------------+-------+-------++-------
Melee: Dagger            |   109 |   185 ||   294
  Use: Potion            |       |     3 ||     3
       Scroll            |       |     2 ||     2
 Stab: Sleeping          |     5 |     4 ||     9
  Eat: Chunk             |     3 |     7 ||    10
Armor: Robe              |    13 |    13 ||    26
       Skin              |       |    25 ||    25
Dodge: Dodged            |    68 |    81 ||   149

Table legend:
 A = Spawn XP
 B = Non-spawn XP
 C = Spawn XP percentage of total XP
 D = Spawn monster count
 E = Non-spawn monster count
 F = Spawn count percentage of total count
 G = Total turns spent on level
                    A         B        C        D         E        F      G
               +---------+---------+-------+---------+---------+-------+---------
         Total |     112 |     191 |  37.0 |      17 |      45 |  27.4 |  4236
               +---------+---------+-------+---------+---------+-------+---------
           D:1 |      11 |      36 |  23.4 |       8 |      20 |  28.6 |  1703
           D:2 |      10 |      37 |  21.3 |       4 |      17 |  19.0 |  1897
           D:3 |      91 |     118 |  43.5 |       5 |       8 |  38.5 |   636
               +---------+---------+-------+---------+---------+-------+---------
